AoeStats
← TVHG.- TheCuervo

Arena

510398695Analyzed
4v4 RM · 1d ago on Sep 30, 2026· 40m 47s· 8 players
Game mode
Random Map
Map size
Large (8 player)
Population
200
Speed
Normal
Resources
Standard
Victory
Conquest
Starting age
Dark Age
Ending age
Imperial Age
RankedLock teamsTeams togetherTeam positionsShared explorationLock speedFull tech treeHidden civsTurbo modeCheats
Victory
Defeat
🇬🇧 Japanese · United Kingdom
1440
+13
🇪🇸 Persians · Spain
1426
+15
🇹🇷 Tupi · Türkiye
1420
+14
🇹🇷 Romans · Türkiye
1413
+14
🇨🇴 Cumans · Colombia
1536
-19
🇦🇷 Khmer · Argentina
1521
-19
🇦🇷 Vietnamese · Argentina
1395
-14
🇨🇱 Persians · Chile
1068
-4
Sergio
10:31 Feudal Age
14:14 Castle Age
12:32 Double-Bit Axe
12:30 Horse Collar
14:09 Forging
14:35 Scale Barding Armor
27:42 Forging
28:19 Bloodlines
29:55 Iron Casting
30:59 Wheelbarrow
31:05 Chain Barding Armor
32:50 Loom
36:23 Imperial Age
34:09 Hand Cart
33:50 Gold Mining
34:19 Husbandry
34:47 Bow Saw
37:50 Blast Furnace
37:26 Plate Barding Armor
38:22 Two-Man Saw
36:44 Cavalier
37:26 Heavy Camel Rider
41:26 Heavy Plow
Tameryig1t
11:36 Feudal Age
15:22 Castle Age
13:49 Double-Bit Axe
13:46 Horse Collar
14:50 Gold Mining
16:36 Fletching
18:51 Loom
22:58 Bodkin Arrow
29:29 Imperial Age
27:53 Padded Archer Armor
29:04 Bow Saw
31:20 Bracer
32:14 Ballistics
34:51 Arson
35:07 Squires
36:35 Scale Mail Armor
36:45 Forging
37:27 Conscription
38:18 Chemistry
37:03 Elite Ibirapema Warrior
38:00 Chain Mail Armor
38:01 Caciques
38:17 Pikeman
38:18 Champi Runner
38:34 Capped Ram
39:22 Halberdier
wagwan_son
10:28 Feudal Age
14:27 Castle Age
12:44 Double-Bit Axe
24:54 Horse Collar
28:00 Wheelbarrow
28:05 Heavy Plow
28:19 Bow Saw
29:02 Gold Mining
31:40 Fletching
33:20 Bodkin Arrow
34:27 Thumb Ring
34:37 Padded Archer Armor
35:05 Hand Cart
34:37 Loom
36:04 Ballistics
37:40 Bloodlines
37:31 Husbandry
40:09 Imperial Age
41:00 Leather Archer Armor
41:55 Chemistry
40:57 Bracer
klostrofobikköstebek
10:20 Feudal Age
14:29 Castle Age
12:23 Double-Bit Axe
12:31 Horse Collar
15:24 Heavy Plow
16:36 Wheelbarrow
21:31 Hand Cart
26:59 Imperial Age
24:36 Loom
25:02 Bow Saw
24:45 Gold Mining
25:32 Ballistics
26:49 Gold Shaft Mining
26:35 Ballistas
26:25 Pikeman
27:09 Heavy Scorpion
28:30 Halberdier
29:10 Squires
30:06 Scale Mail Armor
30:16 Forging
31:46 Chemistry
31:11 Chain Mail Armor
32:50 Iron Casting
33:11 Siege Engineers
37:17 Blast Furnace
36:23 Scale Barding Armor
36:03 Light Cavalry
36:54 Bloodlines
36:44 Husbandry
39:20 Chain Barding Armor
TVHG.LALO_CAESTA
7:54 Loom
9:49 Feudal Age
10:49 Double-Bit Axe
10:58 Gold Mining
17:54 Horse Collar
19:17 Wheelbarrow
20:09 Town Watch
21:45 Scale Barding Armor
24:08 Castle Age
22:53 Scale Barding Armor
23:54 Bloodlines
24:31 Forging
25:13 Chain Barding Armor
28:11 Iron Casting
28:30 Hand Cart
34:45 Imperial Age
34:50 Elite Steppe Lancer
36:09 Plate Barding Armor
TVHG.hadess
10:46 Feudal Age
14:50 Castle Age
13:03 Double-Bit Axe
13:00 Horse Collar
14:31 Loom
16:39 Bow Saw
18:33 Fervor
19:30 Wheelbarrow
21:58 Scale Barding Armor
23:06 Hand Cart
23:32 Bloodlines
23:24 Husbandry
24:20 Gold Mining
25:31 Forging
27:29 Chain Barding Armor
30:09 Imperial Age
29:11 Gold Shaft Mining
29:30 Iron Casting
31:33 Chemistry
29:55 Cavalier
36:10 Savar
37:29 Plate Barding Armor
37:54 Blast Furnace
36:59 Fletching
38:31 Heavy Camel Rider
TVHG.- TheCuervo
10:42 Feudal Age
12:53 Fletching
13:04 Padded Archer Armor
12:54 Horse Collar
20:26 Wheelbarrow
23:50 Castle Age
24:17 Loom
24:41 Double-Bit Axe
24:59 Heavy Plow
25:07 Scale Mail Armor
25:17 Forging
25:21 Bodkin Arrow
32:15 Bow Saw
32:54 Hand Cart
34:02 Thumb Ring
34:02 Town Watch
36:47 Loom
37:08 Squires
37:25 Chain Mail Armor
37:45 Iron Casting
37:55 Leather Archer Armor
39:15 Scale Barding Armor
39:33 Chatras
TVHG.Benjamin Smurfy
9:26 Feudal Age
12:48 Castle Age
11:19 Loom
12:12 Double-Bit Axe
14:52 Bow Saw
19:40 Wheelbarrow
18:50 Town Watch
19:05 Horse Collar
25:06 Ballistics
27:22 Heavy Plow
28:07 Hand Cart
28:40 Fletching
29:25 Bodkin Arrow
32:48 Imperial Age
31:04 Gold Mining
31:04 Stone Mining
32:43 Forging
32:38 Scale Barding Armor
33:03 Heavy Scorpion
35:20 Chemistry
Connection lost

Rejoining the realm…

Still unreachable

The connection could not be restored.

Session expired

The server has moved on; the page needs a fresh start.